 Dungeon Crawl Stone Soup version 0.19.0-9-gfd783f2 (webtiles) character file.

163 cedor the Cutter (level 5, -2/33 HPs)
             Began as a High Elf Artificer on Nov 7, 2016.
             Slain by an orc
             ... wielding a +0 mace of crushing
              (5 damage)
             ... on level 3 of the Dungeon.
             The game lasted 00:06:38 (2648 turns).

cedor the Cutter (High Elf Artificer)               Turns: 2648, Time: 00:06:39

Health: -2/33      AC:  5    Str: 11    XL:     5   Next: 20%
Magic:  8/8        EV: 13    Int: 14    God:
Gold:   121        SH:  0    Dex: 17    Spells: 0 memorised, 4 levels left

rFire  . . .     SeeInvis .     j - +0 mace (curse)
rCold  . . .     Gourm    .     b - +1 leather armour
rNeg   . . .     Faith    .     (no shield)
rPois  .         Spirit   .     k - +0 helmet
rElec  .         Reflect  .     (no cloak)
rCorr  .         Harm     .     (no gloves)
MR     .....     Rnd*Tele +     (no boots)
Stlth  ++........               (no amulet)
                                h - ring of teleportation (curse)
                                r - ring of flight

@: no status effects
A: no striking features
a: Evoke Flight


You were on level 3 of the Dungeon.
You were hungry.

You visited 1 branch of the dungeon, and saw 4 of its levels.

You collected 121 gold pieces.


   Skills:
 + Level 1.0 Fighting
 * Level 4.2 Short Blades
 + Level 3.3 Dodging
 + Level 3.5 Stealth
 - Level 3.0 Evocations


You had 4 spell levels left.
You didn't know any spells.

Inventory:

Hand Weapons
 a - a +0 short sword
 g - a +0 dagger of venom
 j - a cursed +0 mace (weapon)
 s - a +1 mace of draining
Missiles
 i - 67 sling bullets
Armour
 b - a +1 leather armour (worn)
 k - a +0 helmet (worn)
Jewellery
 h - a cursed ring of teleportation (right hand)
 r - a ring of flight (left hand)
Wands
 c - a wand of flame (14/48)
 d - a wand of enslavement (15/24)
 e - a wand of random effects (20/48)
Scrolls
 m - 2 scrolls of teleportation {@r4}
 n - a scroll of enchant armour
 x - a scroll of identify {@r1}
Potions
 l - 3 potions of cure mutation
 o - a potion of magic {unknown}
 t - 2 potions of heal wounds {@q2}
 u - a potion of haste {unknown}
 v - a potion of lignification {unknown}
 w - a potion of ambrosia {unknown}
 z - a potion of brilliance {unknown}
Comestibles
 f - 2 bread rations
 p - 3 beef jerkies
 q - a slice of pizza

Dungeon Overview and Level Annotations

Branches:
Dungeon (4/15)
 Temple: D:4-7

Altars:
Ashenzari

Annotations:
D:2 Natasha

▒▒▒▒▒▒▒▒▒.▒▒▒▒ ▒▒▒▒.........▒
▒......▒▒▒▒..▒ ▒▒▒▒▒▒▒
▒.▒▒.........▒▒▒▒▒.....▒
▒.▒▒.▒.▒...........▒▒▒.▒
▒.▒▒.....▒▒...▒▒▒▒▒▒ ▒.▒
▒▒▒.▒▒.▒.▒▒▒.....▒ ▒.▒
▒▒...▒▒.▒.▒▒▒▒...▒▒ ▒.▒
▒...........oe..▒▒ ▒.▒
▒...............▒ ▒.▒
▒.....▒▒▒▒▒▒▒▒▒.▒ ▒.▒ ▒▒...▒▒
▒▒+▒▒ ▒.▒ ▒▒.▒▒ ▒▒...▒▒ ▒▒.▒▒
▒▒...▒▒ ▒▒.....▒▒ ▒...▒▒▒
▒▒.....▒▒ ▒▒.......▒▒ ▒.....▒
▒.......▒▒▒▒.....>...▒▒▒▒...▒.▒
▒..........+........††.........


You could see an orc.


Message History

The orc closely misses you.
The phantom blinks!
There is an open door here.
You feel sick. The phantom hits you.
* * * LOW HITPOINT WARNING * * *
The phantom blinks!
You feel sick.
You feel sick. The orc barely misses you.
You feel sick.
You feel sick.
A frilled lizard comes into view.
You feel sick.
There is a stone staircase leading up here.
You feel sick.
You are no longer poisoned.
The orc hits you with a mace of crushing.
* * * LOW HITPOINT WARNING * * *
x2 The phantom blinks!
You climb upwards.
There is a stone staircase leading down here.
You hit the orc.
The orc is heavily wounded.
The orc completely misses you.
You hit the orc but do no damage.
The orc is heavily wounded.
The orc hits you but does no damage.
You barely miss the orc.
The orc is moderately wounded.
The orc hits you with a mace of crushing.
You die...

Action                   |  1- 3 |  4- 6 || total
-------------------------+-------+-------++-------
Melee: Mace              |   127 |    31 ||   158
       Short sword       |     9 |       ||     9
Evoke: Wand              |     1 |     3 ||     4
  Use: Scroll            |     7 |       ||     7
 Stab: Sleeping          |    13 |     1 ||    14
  Eat: Chunk             |     3 |     2 ||     5
Armor: Leather armour    |    51 |    12 ||    63
Dodge: Dodged            |   107 |    22 ||   129

Vault maps used:
D:1:      dpeg_arrival_arbitrary_a
D:2:      kennysheep_generic_room_11, uniq_natasha
D:4:      evilmike_ruin_ashenzari

Notes
Turn   | Place    | Note
-------+----------+-------------------------------------------
     0 | D:1      | cedor the High Elf Artificer began the quest for the Orb.
     0 | D:1      | Reached XP level 1. HP: 13/13 MP: 4/4
   173 | D:1      | Reached skill level 2 in Short Blades
   399 | D:1      | Reached XP level 2. HP: 14/18 MP: 5/5
   742 | D:1      | Reached skill level 3 in Short Blades
   858 | D:2      | Reached skill level 2 in Stealth
   858 | D:2      | Reached XP level 3. HP: 13/23 MP: 6/6
  1124 | D:2      | Noticed Natasha
  2093 | D:3      | Reached XP level 4. HP: 25/28 MP: 7/7
  2238 | D:4      | Found a shattered altar of Ashenzari.
  2286 | D:4      | Noticed an ogre
  2299 | D:4      | Killed an ogre
  2299 | D:4      | Reached skill level 4 in Short Blades
  2299 | D:4      | Reached skill level 3 in Dodging
  2299 | D:4      | Reached skill level 3 in Stealth
  2299 | D:4      | Reached XP level 5. HP: 17/33 MP: 8/8
  2618 | D:4      | Noticed a phantom
  2644 | D:4      | HP: 3/33 [orc/mace of crushing (3)]
  2648 | D:3      | Slain by an orc

Vanquished Creatures
  An ogre (D:4)
  A gnoll (D:1)
  An adder (D:2)
  A dart slug (D:3)
  A leopard gecko (D:3)
  5 orcs
  3 bats
  4 giant cockroaches
  6 goblins
  4 hobgoblins
  7 kobolds
  2 quokkas
  3 frilled lizards
  2 quokka skeletons (D:4)
  10 rats
51 creatures vanquished.
